 Dungeon Crawl Stone Soup version 0.25-a0-464-g3004169c2b (webtiles) character file.

Game seed: 8710994902049140710, levelgen mode: deterministic

15 Esekla the Magician (level 2, 0/15 HPs)
             Began as a Deep Elf Wizard on Feb 5, 2020.
             Slain by a worker ant (3 damage)
             ... on level 4 of the Dungeon.
             The game lasted 00:05:32 (731 turns).

Esekla the Magician (Deep Elf Wizard)                Turns: 731, Time: 00:05:32

Health: 0/15       AC:  2    Str:  4    XL:     2   Next: 34%
Magic:  0/10       EV: 13    Int: 22    God:
Gold:   11         SH:  0    Dex: 13    Spells: 8/11 levels left

rFire    . . .     SeeInvis .   e - +0 dagger
rCold    . . .     Gourm    .   (no shield)
rNeg     . . .     Faith    .   a - +0 robe
rPois    .         Spirit   .   b - +0 hat
rElec    .         Reflect  .   (no cloak)
rCorr    .         Harm     .   (no gloves)
MR       .....                  (no boots)
Stlth    ++........             (no amulet)
HPRegen  0.05/turn              (no ring)
MPRegen  0.12/turn              (no ring)

@: lethally poisoned (0 -> -5)
A: no striking features
a: no special abilities


You were on level 4 of the Dungeon.
You were not hungry.

You visited 1 branch of the dungeon, and saw 5 of its levels.

You collected 11 gold pieces.

Inventory:

Hand Weapons
 e - a +0 dagger (weapon)
Armour
 a - a +0 robe (worn)
 b - a +0 hat (worn)
Scrolls
 g - a scroll of remove curse {unknown}
 h - a scroll of magic mapping {unknown}
 i - a scroll of enchant armour {unknown}
 k - a scroll of enchant weapon {unknown}
 m - a scroll of identify {unknown}
Potions
 c - a potion of curing {unknown}
 f - 2 potions of might {unknown}
 j - a potion of flight {unknown}
 l - a potion of lignification {unknown}
Comestibles
 d - 5 rations


   Skills:
 + Level 2.4 Dodging
 + Level 2.4 Stealth
 * Level 5.4 Spellcasting
 + Level 1.1 Conjurations
   Level 1.1 Summonings
 * Level 1.1 Translocations


You had 8 spell levels left.
You knew the following spells:

 Your Spells              Type           Power        Failure   Level  Hunger
a - Magic Dart            Conj           ##..         6%          1    None
b - Blink                 Tloc           N/A          10%         2    None

Your spell library contained the following spells:

 Spells                   Type           Power        Failure   Level  Hunger
 Call Imp                 Summ           ##......     10%         2    None
 Slow                     Hex            #.......     14%         2    None
 Conjure Flame            Conj/Fire      #.......     24%         3    ##.....
 Mephitic Cloud           Conj/Pois/Air  #.......     26%         3    ##.....


Dungeon Overview and Level Annotations

Branches:
Dungeon (5/15)
 Temple: D:4-7

Altars:

Portals:
Sewer: D:5


Message History

You barely miss the worker ant.
The worker ant is moderately wounded.
The worker ant closely misses you.
You hit the worker ant.
The worker ant is moderately wounded.
The worker ant closely misses you.
You hit the worker ant but do no damage.
The worker ant is moderately wounded.
The worker ant completely misses you.
You hit the worker ant but do no damage.
The worker ant is moderately wounded.
The worker ant bites you.
* * * LOW HITPOINT WARNING * * *
You are lethally poisoned!
The worker ant poisons you!
You hit the worker ant but do no damage.
The worker ant is moderately wounded.
* * * LOW HITPOINT WARNING * * *
You feel sick. The worker ant bites you.
You die...

### #...# ... ##...####
.... ##.......# .....
#........#
.....####.#......# ##
.................# #.
#####....#......## ######.
##....###....# #......
#..##..##@a..## ###.#...#
#..####.#####..####...#.###
...# ##.............###.###
#.## #.....................
... #..#..#....##..####.###
#.. ....#..#..######.####.#
# #. #........## #..##..# #
........### ##..#.## #
...##...# ##.#.# #


You could see a worker ant.

Vanquished Creatures
  A worm (D:3)
  A leopard gecko (D:1)
  An orc (D:4)
  2 goblins (D:1)
  A hobgoblin (D:1)
  A kobold (D:1)
  4 rats
11 creatures vanquished.

Notes
Turn   | Place    | Note
-------+----------+-------------------------------------------
     0 | D:1      | Esekla the Deep Elf Wizard began the quest for the Orb.
     0 | D:1      | Reached XP level 1. HP: 10/10 MP: 7/7
   119 | D:1      | Reached skill level 5 in Spellcasting
   289 | D:1      | Reached XP level 2. HP: 8/15 MP: 5/10
   303 | D:1      | Learned a level 2 spell: Blink
   673 | D:5      | Entered Level 5 of the Dungeon
   678 | D:5      | Found a glowing drain.
   731 | D:4      | Slain by a worker ant

Levels and vault maps discovered:
D:1:      dpeg_arrival_pond, layout_basic
D:2:      layout_loops_corners, nicolae_overflow_crystal_walls,
          minmay_door_square
D:3:      layout_basic, overflow_temple_1_default, lemuel_round_altar,
          grunt_ministairs_1, trog_book
D:4:      layout_rooms, old_standard_altar, lemuel_crystal_altar,
          makhleb_altar_promises_db
D:5:      layout_basic, minmay_temple_entry_water_ring, first_ration,
          cheibrodos_sewer_entry_sluice

Skill      XL: |  1 |
---------------+----+-----
Spellcasting   | 5 |  5.4
Dodging        | |  2.4
Stealth        | |  2.4
Conjurations   | |  1.1
Summonings     | |  1.1
Translocations | |  1.1

Action                   || total
-------------------------++-------
Melee: Dagger            ||    11
 Cast: Magic Dart        ||    36
       Blink             ||     1
 Stab: Sleeping          ||     2
Armor: Robe              ||     1
Dodge: Dodged            ||    16

Table legend:
 A = Non-vault XP
 B = Vault XP
 C = Vault XP percentage of total XP
 D = Non-vault monster count
 E = Vault monster count
 F = Vault count percentage of total count
                 A         B        C        D         E       F
            +---------+---------+-------+---------+---------+-------
      Total |      22 |       0 |   0.0 |      11 |       0 |   0.0
            +---------+---------+-------+---------+---------+-------
        D:1 |      13 |       0 |   0.0 |       8 |       0 |   0.0
        D:2 |       1 |       0 |   0.0 |       1 |       0 |   0.0
        D:3 |       5 |       0 |   0.0 |       1 |       0 |   0.0
        D:4 |       3 |       0 |   0.0 |       1 |       0 |   0.0
            +---------+---------+-------+---------+---------+-------
